 Dungeon Crawl Stone Soup version 0.19-a0-569-g984bae3 (webtiles) character file.

933 shmeve the Ducker (level 7, 56/56 HPs)
             Began as a Vampire Berserker on June 9, 2016.
             Was a Priest of Trog.
             Quit the game on level 4 of the Dungeon.
             The game lasted 00:10:24 (3310 turns).

shmeve the Ducker (Vampire Berserker)               Turns: 3310, Time: 00:10:25

Health: 56/56      AC:  6    Str: 18    XL:     7   Next: 86%
Magic:  7/7        EV: 14    Int:  9    God:    Trog [***...]
Gold:   144        SH:  0    Dex: 14    Spells: 0 memorised, 6 levels left

rFire  . . .     SeeInvis +     A - +0 war axe
rCold  . . .     Gourm    .     b - +0 ring mail (curse)
rNeg   . . .     Faith    .     (no shield)
rPois  .         Spirit   .     q - +0 helmet
rElec  .         Dismiss  .     (no cloak)
rCorr  .         Reflect  .     (no gloves)
SustAt .         Harm     .     (no boots)
MR     .....                    e - amulet of regeneration
Stlth  ++........               (no ring)
                                (no ring)

@: regenerating quickly, not resistant to hostile enchantments, unstealthy
A: fangs 3, see invisible, unbreathing
a: Berserk, Trog's Hand, Burn Spellbooks, Renounce Religion


You were on level 4 of the Dungeon.
You worshipped Trog.
Trog was most pleased with you.
You were full.

You visited 1 branch of the dungeon, and saw 4 of its levels.
You also visited: Sewer.

You collected 144 gold pieces.

Inventory:

Hand Weapons
 A - a +0 war axe (weapon)
Armour
 b - a cursed +0 ring mail (worn)
 q - a +0 helmet (worn)
Jewellery
 e - an amulet of regeneration (around neck)
Wands
 y - a wand of digging (9/24)
Scrolls
 a - a scroll of enchant armour {unknown}
 h - 4 scrolls of magic mapping {unknown}
 i - 2 scrolls of identify {unknown}
 k - 2 scrolls of teleportation {unknown}
 m - a scroll of recharging {unknown}
 n - a scroll of remove curse {unknown}
 r - a scroll of random uselessness {unknown}
 v - 4 scrolls of fear {unknown}
 x - a scroll of blinking {unknown}
Potions
 c - 8 potions of blood
 d - 2 potions of heal wounds
 f - a potion of brilliance {unknown}
 g - a potion of berserk rage {unknown}
 j - 3 potions of mutation {unknown}
 l - a potion of lignification {unknown}
 o - a potion of flight {unknown}
 p - a potion of cancellation {unknown}
 s - 2 potions of curing {unknown}
 t - a potion of degeneration {unknown}
 u - 2 potions of invisibility {unknown}
 w - a potion of ambrosia {unknown}
 z - 2 potions of might {unknown}


   Skills:
 * Level 5.1 Fighting
 * Level 5.1 Axes
 - Level 1.5 Armour
 * Level 5.8 Dodging
 + Level 4.6 Stealth


You had 6 spell levels left.
You didn't know any spells.

Dungeon Overview and Level Annotations

Branches:
Dungeon (4/15)
 Temple: D:4-7

Altars:
Elyvilon
Fedhas
Kikubaaqudgha
Makhleb
Sif Muna

Shops:
D:4 %


Innate Abilities, Weirdness & Mutations

Your natural rate of healing is unusually fast.
You have razor-sharp teeth.
You have supernaturally acute eyesight. (SInv)
You can survive without breathing.


Message History

You feel sick.
You feel sick.
You see here a worker ant corpse.
You feel sick.
You feel sick.
You feel sick.
You feel sick.
You feel sick.
You feel sick.
You feel sick.
You feel sick.
You are no longer poisoned.
A giant cockroach comes into view.
The giant cockroach bites you.
You slash the giant cockroach!
You kill the giant cockroach!
Trog accepts your kill.
You see here a giant cockroach corpse.
An orc wizard comes into view. It is wielding a dagger.
Are you sure you want to abandon this character and quit the game? (Confirm with "yes".)

..###'####...##......#...#.......
P.###..#######.......#...########
..#..........#.......#....# ##
.##..........#.....†.#....# ##.
...........).#.......#†...# #..
#..##..###...#.......#...## #..
##########...###.....#...## #..
#..)...........#.....#....# ##.
#..............#@....#....# ##
#..............#.....#....# #
#..............#.....#....#
#..............#.....#....#
#..............#.....#....#
#..............#.....#....##
##.....##...##+#.....#.....#
##.....##...#..o...###..####
<.......#...+......#.....#


You could see an orc wizard (wandering).

Vanquished Creatures
  The ghost of nomicflux the Magician, an amateur DEWz (Sewer)
  Duvessa (D:4)
  Purgy (Sewer)
  An ogre (D:4)
  The ghost of Chikkuri the Grasshopper, an amateur OpWr (D:3)
  Dowan (D:4)
  2 orc priests (D:4)
  A hound (D:4)
  Terence (D:2)
  An iguana (D:4)
  2 worker ants (D:4)
  Natasha (thrice) (D:2)
  3 gnolls (D:2)
  4 adders
  A river rat (D:3)
  2 worms (D:2)
  3 dart slugs
  2 giant geckos
  An orc (D:4)
  2 ball pythons (D:3)
  6 giant cockroaches
  6 goblins
  9 hobgoblins
  5 jackals (D:4)
  11 kobolds
  A quokka (D:2)
  8 bats
  4 giant newts
  10 rats
  A fungus (D:4)
95 creatures vanquished.

Notes
Turn   | Place    | Note
--------------------------------------------------------------
     0 | D:1      | shmeve the Vampire Berserker began the quest for the Orb.
     0 | D:1      | Reached XP level 1. HP: 17/17 MP: 1/1
   279 | D:1      | Reached XP level 2. HP: 5/23 MP: 2/2
   579 | D:1      | Reached skill level 1 in Stealth
   719 | D:1      | Reached XP level 3. HP: 29/29 MP: 3/3
   801 | D:1      | Reached ** piety under Trog
   964 | D:2      | Found a faded altar of an unknown god.
  1251 | D:2      | Noticed Terence
  1261 | D:2      | Killed Terence
  1261 | D:2      | Reached XP level 4. HP: 35/35 MP: 4/4
  1281 | D:2      | Found an ancient bone altar of Kikubaaqudgha.
  1281 | D:2      | Found a burning altar of Makhleb.
  1281 | D:2      | Found a blossoming altar of Fedhas.
  1316 | D:2      | Noticed Natasha
  1356 | D:2      | Killed Natasha
  1404 | D:2      | Reached XP level 5. HP: 20/41 MP: 5/5
  1621 | D:2      | Noticed Natasha
  1630 | D:2      | Killed Natasha
  1790 | D:2      | Noticed Natasha
  1800 | D:2      | Killed Natasha
  1823 | D:3      | Reached *** piety under Trog
  2098 | D:3      | Noticed Chikkuri's ghost (amateur OpWr)
  2108 | D:3      | Killed Chikkuri's ghost
  2108 | D:3      | Reached XP level 6. HP: 48/48 MP: 6/6
  2518 | D:3      | Found a glowing drain.
  2562 | Sewer    | Entered a sewer
  2572 | Sewer    | Noticed nomicflux's ghost (amateur DEWz)
  2577 | Sewer    | Noticed Purgy
  2581 | Sewer    | Killed nomicflux's ghost
  2587 | Sewer    | Killed Purgy
  2587 | Sewer    | Reached XP level 7. HP: 55/55 MP: 7/7
  2848 | D:4      | Reached skill level 5 in Dodging
  2853 | D:4      | Found a white marble altar of Elyvilon.
  2909 | D:4      | Noticed Dowan
  2910 | D:4      | Noticed Duvessa
  2920 | D:4      | Killed Dowan
  2925 | D:4      | Killed Duvessa
  2969 | D:4      | Found Micusch's Food Shop.
  2997 | D:4      | Reached skill level 5 in Axes
  3098 | D:4      | Reached skill level 5 in Fighting
  3168 | D:4      | Found a deep blue altar of Sif Muna.
  3310 | D:4      | Quit the game

Vault maps used:
D:1:      dpeg_arrival_short_road
D:2:      gammafunk_temple_overflow_forgotten, ecumenical_altar_2, uniq_natasha,
          uniq_terence
D:3:      portal_sewer_entry_b, hangedman_glass_teeth,
          hangedman_decor_clover_reticule, kennysheep_generic_room_2
D:4:      lemuel_round_altar, elyvilon_altar_1, serial_shops, shop, uniq_duvessa
Sewer:    kennysheep_door_sewer

Skill      XL: |  1  2  3  4  5  6  7 |
---------------+----------------------+-----
Axes           | 3 4 5 |  5.1
Fighting       | 3 4 5 |  5.1
Stealth        | 1 2 3 4 |  4.6
Dodging        | 3 4 5 |  5.8
Armour         | |  1.5

Action                   |  1- 3 |  4- 6 |  7- 9 || total
-------------------------+-------+-------+-------++-------
Melee: Hand axe          |   107 |   128 |    89 ||   324
       Bite              |    15 |    13 |     9 ||    37
       War axe           |       |       |    19 ||    19
Invok: Berserk           |     1 |     3 |     3 ||     7
       Trog's Hand       |       |     1 |     1 ||     2
       Burn Spellbooks   |       |     1 |       ||     1
  Use: Potion            |       |       |     2 ||     2
 Stab: Sleeping          |     3 |     3 |     6 ||    12
       Distracted        |       |       |     1 ||     1
  Eat: Corpse            |    12 |    11 |     3 ||    26
Armor: Animal skin       |    23 |     6 |       ||    29
       Ring mail         |       |    26 |    38 ||    64
Dodge: Dodged            |    53 |   103 |    75 ||   231
